 Dungeon Crawl Stone Soup version 0.31-a0-609-g7bf6ffcfed (webtiles) character file.

Game seed: 4253374660251846488

18 horus123 the Sneak (level 2, -5/26 HPs)
             Began as a Naga Brigand on Aug 22, 2023.
             Slain by a cerulean imp
             ... wielding a +2 spear
             ... summoned by Natasha
              (6 damage)
             ... on level 2 of the Dungeon.
             The game lasted 00:01:26 (927 turns).

horus123 the Sneak (Naga Brigand)                    Turns: 927, Time: 00:01:27

Health: -5/26      AC:  2    Str: 13    XL:     2   Next: 66%
Magic:  2/2        EV:  9    Int: 11    God:
Gold:   73         SH:  0    Dex: 12    Spells: 1/1 levels left

rFire   . . .        a - +2 dagger
rCold   . . .        (no shield)
rNeg    . . .        b - +0 robe
rPois   +            (no helmet)
rElec   .            c - +0 cloak
rCorr   .            (no gloves)
SInv    +            (no barding)
Will    .....        (no amulet)
Stlth   +++          (no ring)
HPRegen 0.24/turn    (no ring)
MPRegen 0.08/turn

%: no passive effects
@: very slow
A: AC +0, large, see invisible, deformed body, poison resistance, slowness 2,
spit poison 1, naga tail 1
a: Spit Poison


You were on level 2 of the Dungeon.
You visited 1 branch of the dungeon, and saw 2 of its levels.

You collected 73 gold pieces.

Inventory:

Hand Weapons
 a - a +2 dagger (weapon)
 h - a +0 short sword
Missiles
 d - 13 poisoned darts (quivered)
 e - 3 curare-tipped darts
Armour
 b - a +0 robe (worn)
 c - a +0 cloak (worn)
Scrolls
 f - a scroll of teleportation {unknown}
 g - 2 scrolls of enchant armour {unknown}
 i - a scroll of poison {unknown}
 k - 2 scrolls of identify {unknown}
 l - a scroll of fear {unknown}
 m - a scroll of torment {unknown}
 n - a scroll of noise {unknown}
 o - a scroll of amnesia {unknown}
 p - 2 scrolls of blinking {unknown}
Potions
 j - 2 potions of curing {unknown}


   Skills:
 - Level 2.0 Fighting
 - Level 2.0 Short Blades
 - Level 1.7 Throwing
 - Level 0.7 Dodging
 + Level 7.1 Stealth


You had one spell level left.
You didn't know any spells.
Your spell library was empty.

Dungeon Overview and Level Annotations

Branches:
Dungeon (2/15)

Altars:

Annotations:
D:2 Natasha


Innate Abilities, Weirdness & Mutations

Your serpentine skin is tough. (AC +0)
You have supernaturally acute eyesight. (SInv)
Armour fits poorly on your strangely shaped body.
Your system is resistant to poisons. (rPois)
You cover ground very slowly.
You can spit poison.
You have a snake-like lower body.


Message History

The bat barely misses you. The bat hits you.
The bat hits you but does no damage.
You barely miss the bat.
The bat is severely wounded.
The bat hits you. The bat hits you but does no damage.
The bat closely misses you.
You hit the bat.
You kill the bat!
You now have 73 gold pieces (gained 14).
An adder comes into view.
No target in view!
You see here a scroll labelled OLARIN GAUTT.
An adder is nearby!
No target in view!
No target in view!
No target in view!
p - 2 scrolls labelled OLARIN GAUTT (gained 1) Natasha, Servant of Life and Death comes into view.
Natasha hisses angrily.
Natasha stares at you and mumbles some strange words.
The magic dart hits you!
Natasha casts a spell.
Natasha claws you!
You are too injured to fight recklessly!
You are too injured to fight recklessly!
You hit Natasha.
Natasha is moderately wounded.
Natasha extends her claws.
Natasha claws you!
* * * LOW HITPOINT WARNING * * *
You barely miss Natasha.
Natasha is moderately wounded.
The cerulean imp hits you with a +2 spear.
* * * LOW HITPOINT WARNING * * *
You hit Natasha.
Natasha is moderately wounded.
Natasha claws you.
* * * LOW HITPOINT WARNING * * *
The cerulean imp hits you with a +2 spear.
You die...

########################
.....#..................
........................
.....#..................
##..............@h......
##.##...........5.......
#...............?.......
........................
..##.#..................
.###.#..................
## #.#........#######...
# #.######+### ... #
##.######.#


You could see Natasha and a cerulean imp (summoned).

Vanquished Creatures
  3 ball pythons
  4 bats
  An endoplasm (D:2)
  2 giant cockroaches (D:2)
  A quokka (D:1)
  A frilled lizard (D:1)
  2 kobolds
  A rat (D:1)
15 creatures vanquished.

Notes
Turn   | Place    | Note
-------+----------+-------------------------------------------
     0 | D:1      | horus123 the Naga Brigand began the quest for the Orb.
     0 | D:1      | Reached XP level 1. HP: 19/19 MP: 1/1
    27 | D:1      | Reached skill level 6 in Stealth
   265 | D:1      | Reached XP level 2. HP: 26/26 MP: 2/2
   393 | D:1      | Found a faded altar of an unknown god.
   856 | D:2      | Reached skill level 7 in Stealth
   920 | D:2      | Noticed Natasha
   926 | D:2      | HP: 1/26 [cerulean imp/+2 spear[Natasha] (1)]
   927 | D:2      | Slain by a cerulean imp

Illustrated notes

Levels and vault maps discovered:
D:1:      wander_arrival_peaceful_grave, layout_loops_ring,
          shapermc_ecumenical_altar_ellora, minmay_octomino_j4
D:2:      layout_basic, uniq_natasha

Skill      XL: |  1  2 |
---------------+-------+-----
Stealth        | 6 7 |  7.1
Fighting       | |  2.0
Short Blades   | |  2.0
Throwing       | |  1.7
Dodging        | |  0.7

Action                     || total
---------------------------++-------
  Melee: Dagger            ||    51
         Punch             ||     2
   Stab: Sleeping          ||     3
 Armour: Robe              ||    15
  Dodge: Dodged            ||    27

Table legend: (Time is in decaauts)
 A = Elapsed time spent in this place.
 B = Non-inter-level travel time spent in this place.
 C = Inter-level travel time spent in this place.
 D = Time resting spent in this place.
 E = Time spent auto-exploring this place.
 F = Levels seen in this place.
 G = Mean time per level.
                   A        B        C        D        E       F      G
               +--------+--------+--------+--------+--------+-----+--------+
         Total |   1226 |   1194 |     32 |      0 |   1009 |   2 |  613.0 |
       Dungeon |   1226 |   1194 |     32 |      0 |   1009 |   2 |  613.0 |
               +--------+--------+--------+--------+--------+-----+--------+

Top non-repeatable levels by time:
     D:1: 996 daAuts
     D:2: 229 daAuts
